 Dungeon Crawl Stone Soup version 0.28-a0-239-g68911e0c57 (webtiles) character file.

Game seed: 10544026453843537978

40548 robertstho the Cleaver (level 13, 0/184 HPs)
             Began as a Red Draconian Berserker on Aug 23, 2021.
             Was a High Priest of Trog.
             Slain by a ten-headed hydra (1 damage)
             ... on level 3 of the Lair of Beasts.
             The game lasted 00:21:58 (20826 turns).

robertstho the Cleaver (Red Draconian Berserker)   Turns: 20826, Time: 00:21:58

Health: 0/184      AC: 11    Str: 23    XL:     13   Next: 75%
Magic:  13/13      EV: 12    Int: 11    God:    Trog [*****.]
Gold:   1066       SH: 12    Dex: 10    Spells: 12/12 levels left

rFire   + . .      SeeInvis +   x - +9 war axe of the First Dances {vorpal, Will+ Int+3 Dex-2}
rCold   . . .      Faith    .   M - +0 tower shield
rNeg    . . .      Spirit   .   (armour unavailable)
rPois   .          Reflect  .   P - +0 hat {SInv}
rElec   .          Harm     .   H - +0 cloak
rCorr   .          Rampage  .   C - +0 pair of gloves
Will    +....                   d - +0 pair of boots
Stlth   ..........              m - amulet of the acrobat
HPRegen 0.40/turn               (no ring)
MPRegen 0.13/turn               (no ring)

@: berserking, slowed
A: breathe fire, AC +8, unfitting armour, fire resistance 1, cold-blooded
a: Breathe Fire, Renounce Religion, Berserk, Trog's Hand, Brothers in Arms


You were on level 3 of the Lair of Beasts.
You worshipped Trog.
Trog was extremely pleased with you.
You visited 2 branches of the dungeon, and saw 15 of its levels.

You collected 1066 gold pieces.

Inventory:

Hand Weapons
 c - the +0 hand axe of Quinaz {antimagic, rC+}
   (You acquired it on level 3 of the Dungeon)

   It reduces the magical energy of the wielder, and disrupts the spells and
   magical abilities of those it strikes.
   Natural abilities and divine invocations are not affected.
   rC:        It protects you from cold.
 t - a +4 flail of protection
 x - the +9 war axe of the First Dances (weapon) {vorpal, Will+ Int+3 Dex-2}
   (You found it on level 7 of the Dungeon)

   It inflicts extra damage upon your enemies.
   Int:       It affects your intelligence (+3).
   Dex:       It affects your dexterity (-2).
   Will:      It increases your willpower.
 D - a +2 antimagic executioner's axe
Missiles
 J - 2 throwing nets (quivered)
Armour
 d - a +0 pair of boots (worn)
 C - a +0 pair of gloves (worn)
 H - a +0 cloak (worn)
 M - a +0 tower shield (worn)
 P - a +0 hat of see invisible (worn)
Jewellery
 m - an amulet of the acrobat (around neck)
Wands
 q - a wand of flame (60)
 v - a wand of charming (9)
 B - a wand of mindburst (44)
 E - a wand of digging (4)
 G - a wand of acid (17)
 K - a wand of iceblast (13)
Scrolls
 b - 2 scrolls of fear {unknown}
 f - a scroll of teleportation
 h - 3 scrolls of immolation {unknown}
 i - 3 scrolls of magic mapping {unknown}
 k - 2 scrolls of enchant armour {unknown}
 s - 4 scrolls of brand weapon {unknown}
 u - 4 scrolls of noise {unknown}
 w - 4 scrolls of enchant weapon {unknown}
 y - a scroll of summoning {unknown}
 A - a scroll of blinking {unknown}
 I - a scroll of vulnerability
 L - 2 scrolls of acquirement
 N - 2 scrolls of identify
Potions
 a - a potion of heal wounds
 e - 5 potions of lignification {unknown}
 g - 2 potions of degeneration {unknown}
 j - 5 potions of brilliance {unknown}
 l - 5 potions of haste {unknown}
 n - 2 potions of ambrosia
 o - 7 potions of curing
 p - a potion of resistance
 r - 3 potions of berserk rage {unknown}
 z - a potion of magic {unknown}
 O - a potion of flight {unknown}
Miscellaneous
 F - a condenser vane


   Skills:
 * Level 13.9 Fighting
 + Level 14.3 Axes
 * Level 13.7 Dodging
 + Level 5.0 Stealth
 + Level 5.2 Shields


You had 12 spell levels left.
You didn't know any spells.
Your spell library was empty.

Dungeon Overview and Level Annotations

Branches:
Dungeon (9/15)             Temple (0/1) D:5            Lair (6/6) D:8
 Shoals (0/4) Lair:4       Spider (0/4) Lair:2          Orc (0/2) D:9
  Slime: Lair:5-6

Altars:
Dithmenos
Trog

Shops:
D:8 [


Innate Abilities, Weirdness & Mutations

You can breathe blasts of fire.
Your fiery red scales are hard. (AC +8)
You cannot fit into any form of body armour.
Your flesh is heat resistant. (rF+)
You are cold-blooded and may be slowed by cold attacks.


Message History

The seven-headed hydra grows two more!
You slash the nine-headed hydra!
The nine-headed hydra is severely wounded.
The nine-headed hydra bites you.
You block the nine-headed hydra's attack. x2
The nine-headed hydra bites you but does no damage.
The nine-headed hydra barely misses you.
The nine-headed hydra bites you! x3; The nine-headed hydra bites you.
The nine-headed hydra bites you! x2
The nine-headed hydra barely misses you.
The nine-headed hydra bites you. The nine-headed hydra misses you.
You block the nine-headed hydra's attack.
The nine-headed hydra bites you but does no damage. x2
You block the nine-headed hydra's attack.
You lop one of the nine-headed hydra's heads off!
The eight-headed hydra grows two more!
You slice the ten-headed hydra!!
The ten-headed hydra is almost dead.
The ten-headed hydra closely misses you.
The ten-headed hydra barely misses you. The ten-headed hydra bites you.
You block the ten-headed hydra's attack.
The ten-headed hydra bites you. The ten-headed hydra bites you!
* * * LOW HITPOINT WARNING * * *
The ten-headed hydra bites you!
* * * LOW HITPOINT WARNING * * *
The ten-headed hydra bites you.
* * * LOW HITPOINT WARNING * * *
The ten-headed hydra bites you!
* * * LOW HITPOINT WARNING * * *
The ten-headed hydra bites you but does no damage.
You barely miss the ten-headed hydra.
The ten-headed hydra is almost dead.
The ten-headed hydra bites you but does no damage.
The ten-headed hydra barely misses you. x2; The ten-headed hydra bites you!
* * * LOW HITPOINT WARNING * * *
You block the ten-headed hydra's attack. x2
The ten-headed hydra bites you but does no damage.
The ten-headed hydra bites you!
* * * LOW HITPOINT WARNING * * *
The ten-headed hydra bites you but does no damage.
The ten-headed hydra bites you.
You die...

## #...###### .. ##...... ###
#...<....# #.. . ##.##^..
#.#######..).###.. #......#
...†...###...P#... #.......
.#.##...####..##}# .##......
#####..## #..#..# .............
#...# ##.P##.# ...# ###..)..
##.## #...##D# #P(# ####..
######..# #[.###@## #..### ####..
..#.....###..###..# #.#P###P.#..
.............##..## #...........
...#....###..###.#.###...#.##....
..#.....####.P...##(.†...†.......
.##≈....≈≈....)...#.##†.......#..
..#≈.≈≈≈≈≈≈...##.#......#####..##
..).≈≈≈≈≈≈≈≈...##÷#.#..## #.##
.#≈≈≈≈≈≈≈≈≈≈≈.#..##....P#.....#


You could see a ten-headed hydra.

Vanquished Creatures
  Gastronok (Lair:3)
  A frost giant (D:9)
  A fire dragon (D:9)
  3 hydras
  A two-headed ogre (D:8)
  Pikel (D:4)
  An ugly thing (D:9)
  A manticore (D:6)
  13 elephants
  A black mamba (Lair:3)
  A merfolk siren (Lair:4)
  10 cane toads
  4 rime drakes
  6 komodo dragons
  A merfolk (Lair:4)
  4 jumping spiders (Lair:2)
  A hornet (D:8)
  28 blink frogs
  Sigmund (D:3)
  36 yaks
  5 wyverns
  4 redbacks (Lair:2)
  3 basilisks (Lair:4)
  2 steam dragons (D:8)
  Edmund (D:6)
  An acid dragon (shapeshifter) (D:9)
  An acid dragon (D:8)
  21 water moccasins
  A sky beast (D:8)
  2 orc warriors (D:9)
  A necrophage (D:8)
  2 ogres
  A black bear (D:6)
  4 centaurs
  23 wolves
  A lemure (D:4)
  A phantom (D:6)
  15 bullfrogs
  2 kobold brigands
  2 gnoll sergeants
  A scorpion (D:5)
  8 killer bees
  9 wights
  4 howler monkeys (D:9)
  2 centaur zombies
  A bullfrog zombie (D:5)
  A hound (D:7)
  6 orc priests
  A jelly (D:6)
  2 bullfrog skeletons (D:4)
  A centaur skeleton (D:7)
  Jessica (D:2)
  7 orc wizards
  3 iguanas
  7 hell rats (Lair:3)
  A killer bee zombie (D:8)
  Robin (D:3)
  3 howler monkey zombies
  4 gnolls
  5 adders
  A shadow imp (D:8)
  A white imp (D:7)
  An adder skeleton (D:5)
  A worm (D:2)
  4 dart slugs
  34 orcs
  4 ball pythons
  2 bats
  4 endoplasms
  A giant cockroach (D:3)
  12 goblins
  8 hobgoblins
  4 jackals (D:3)
  2 quokkas
  4 frilled lizards
  13 kobolds
  3 rats
  A bush (Lair:3)
377 creatures vanquished.

Vanquished Creatures (collateral kills)
  A cane toad (Lair:1)
  A wyvern (D:9)
  A water moccasin (Lair:3)
  A bullfrog (Lair:1)
  An orc (D:9)
5 creatures vanquished.

Vanquished Creatures (others)
  17 fungi
  34 plants
51 creatures vanquished.

Grand Total: 433 creatures vanquished

Notes
Turn   | Place    | Note
-------+----------+-------------------------------------------
     0 | D:1      | robertstho the Draconian Berserker began the quest for the
                  | Orb.
     0 | D:1      | Reached XP level 1. HP: 19/19 MP: 1/1
   433 | D:1      | Reached XP level 2. HP: 23/26 MP: 2/2
   586 | D:1      | Found a faded altar of an unknown god.
   907 | D:2      | Reached XP level 3. HP: 18/33 MP: 3/3
  1497 | D:2      | Found a shadowy altar of Dithmenos.
  1497 | D:2      | Noticed Jessica
  1503 | D:2      | Killed Jessica
  1504 | D:2      | Reached XP level 4. HP: 31/40 MP: 4/4
  1686 | D:3      | Reached ** piety under Trog
  1690 | D:3      | Noticed Robin
  1705 | D:3      | Killed Robin
  1942 | D:3      | Reached XP level 5. HP: 47/47 MP: 5/5
  1986 | D:3      | Noticed Sigmund
  1994 | D:3      | Killed Sigmund
  1995 | D:3      | Reached skill level 5 in Fighting
  1995 | D:3      | Reached skill level 4 in Axes
  1995 | D:3      | Reached XP level 6. HP: 56/56 MP: 6/6
  2228 | D:3      | Identified 2 scrolls of acquirement
  2228 | D:3      | Acquired a manual of Dodging
  2232 | D:3      | Acquired the +0 hand axe of Quinaz {antimagic, rC+}
  2459 | D:4      | Reached skill level 5 in Axes
  2459 | D:4      | Reached *** piety under Trog
  2460 | D:4      | Reached skill level 5 in Dodging
  2637 | D:4      | Your scales start taking on a fiery red colour.
  2637 | D:4      | Reached XP level 7. HP: 50/62 MP: 2/7
  2637 | D:4      | Gained mutation: Your flesh is heat resistant. (rF+) [Red
                  | Draconian growth]
  2723 | D:4      | Noticed Pikel
  2734 | D:4      | Killed Pikel
  2735 | D:4      | Reached skill level 6 in Axes
  2867 | D:5      | Entered Level 5 of the Dungeon
  2971 | D:5      | Found a staircase to the Ecumenical Temple.
  3058 | D:5      | Reached XP level 8. HP: 58/71 MP: 2/8
  4459 | D:6      | Reached skill level 7 in Axes
  4667 | D:6      | Noticed Edmund
  4684 | D:6      | Killed Edmund
  4816 | D:6      | Noticed a manticore
  4825 | D:6      | Reached skill level 1 in Stealth
  4832 | D:6      | Killed a manticore
  4833 | D:6      | Reached XP level 9. HP: 64/81 MP: 3/9
  6092 | D:6      | Reached skill level 8 in Axes
  6438 | D:7      | Identified the +9 war axe of the First Dances {vorpal,
                  | Will+ Int+3 Dex-2}
  7193 | D:8      | Reached **** piety under Trog
  7655 | D:8      | Reached skill level 9 in Axes
  7664 | D:8      | Found a staircase to the Lair.
  7675 | D:8      | Found Miaxt's Armour Emporium.
  7692 | D:9      | Reached XP level 10. HP: 40/91 MP: 10/10
  8764 | D:9      | Found a staircase to the Orcish Mines.
  8782 | D:9      | Reached skill level 10 in Dodging
  8790 | D:9      | Reached skill level 10 in Axes
  9428 | D:9      | Reached skill level 10 in Fighting
  9612 | D:9      | Noticed a fire dragon
  9612 | D:9      | Noticed a white ugly thing
  9620 | D:9      | Killed a fire dragon
  9625 | D:9      | Killed a white ugly thing
  9699 | D:9      | Noticed a frost giant
  9705 | D:9      | HP: 5/141 [frost giant/bolt of cold (27)]
  9707 | D:9      | Noticed a wolf spider
  9709 | D:9      | Noticed a moth of wrath
  9709 | D:9      | a wolf spider changed into a moth of wrath
  9712 | D:9      | Killed a frost giant
  9713 | D:9      | Reached skill level 11 in Axes
  9713 | D:9      | Reached XP level 11. HP: 7/101 MP: 3/11
 10651 | D:9      | Found a bloodstained altar of Trog.
 11279 | D:8      | Reached skill level 1 in Shields
 11859 | D:8      | Noticed a two-headed ogre
 11867 | D:8      | Killed a two-headed ogre
 12408 | Lair:1   | Entered Level 1 of the Lair of Beasts
 12491 | Lair:1   | Reached skill level 12 in Axes
 12652 | Lair:1   | Noticed an eight-headed hydra
 12676 | Lair:1   | Killed a ten-headed hydra
 13495 | Lair:1   | Reached XP level 12. HP: 112/112 MP: 12/12
 15028 | Lair:2   | Found a hole to the Spider Nest.
 15664 | Lair:2   | Reached skill level 13 in Axes
 16222 | Lair:3   | Reached ***** piety under Trog
 16848 | Lair:3   | You fall into a shaft and drop 3 floors!
 16848 | Lair:6   | Entered Level 6 of the Lair of Beasts
 17677 | Lair:4   | Noticed an eight-headed hydra
 17686 | Lair:4   | Killed a nine-headed hydra
 17687 | Lair:4   | Reached XP level 13. HP: 38/122 MP: 13/13
 18728 | Lair:4   | Received a gift from Trog
 19358 | Lair:4   | Found a staircase to the Shoals.
 19766 | Lair:4   | Reached skill level 5 in Stealth
 20102 | Lair:3   | Reached skill level 14 in Axes
 20436 | Lair:3   | Reached skill level 5 in Shields
 20804 | Lair:3   | Noticed Gastronok
 20822 | Lair:3   | Killed Gastronok
 20826 | Lair:3   | HP: 1/184 [ten-headed hydra (9)]
 20826 | Lair:3   | Slain by a ten-headed hydra

Illustrated notes

Levels and vault maps discovered:
D:1:      saegor_arrival_miasma, layout_loops_ring,
          shapermc_ecumenical_altar_starsandcircs, kennysheep_doodads
D:2:      layout_basic, basic_altar, uniq_jessica
D:3:      layout_rooms, uniq_robin, uniq_sigmund
D:4:      layout_basic, uniq_pikel
D:5:      layout_layer_cave, minmay_temple_entry_nine_rooms,
          minmay_misc_feat_diagonals
D:6:      layout_basic, interstate_on_off, uniq_edmund
D:7:      layout_gridville
D:8:      minmay_polygon_palace, layout_basic, minmay_lair_entry_grove,
          serial_shops, shop, hangedman_minor_gate_pass
D:9:      minmay_shrinking_squares, layout_stronghold, trog_book, david_orc_2
Lair:1:   layout_gridlike, lemuel_old_faithful
Lair:2:   layout_layer_cave, nicolae_spider_entry_tight_spaces
Lair:3:   layout_loops_ring, grunt_megastairs_4, infiniplex_staircase_pool_2,
          lemuel_fruit_tree, uniq_gastronok
Lair:4:   layout_cave_pods, elwin_shoals_entry_rooms, serial_bayou_pond_a
Lair:5:   minmay_guarded_unrand_snakebite, layout_cave_pods,
          nicolae_slime_entry_slimehenge, uniq_josephine
Lair:6:   evil_forest, layout_cave_pods, serial_bayou_pond_d

Skill      XL: |  1  2  3  4  5  6  7  8  9 10 11 12 13 |
---------------+----------------------------------------+-----
Dodging        | 3 4 5 6 8 9 11 12 13 | 13.7
Fighting       | 4 5 6 8 9 10 11 13 | 13.9
Axes           | 4 5 6 7 9 11 12 13 14 | 14.3
Stealth        | 1 2 3 4 5 |  5.0
Shields        | 1 3 5 |  5.2

Action                   |  1- 3 |  4- 6 |  7- 9 | 10-12 | 13-15 || total
-------------------------+-------+-------+-------+-------+-------++-------
Melee: Hand axe          |    61 |   122 |   217 |    11 |       ||   411
       Tailslap          |    14 |    18 |    37 |    57 |    30 ||   156
       War axe           |       |       |    58 |   406 |   222 ||   686
Invok: Berserk           |     2 |     5 |     8 |    15 |     4 ||    34
       Trog's Hand       |       |       |     1 |     1 |     1 ||     3
       Brothers in Arms  |       |       |     1 |     1 |     1 ||     3
 Abil: Breathe Fire      |       |       |     1 |     5 |     2 ||     8
  Use: Scroll            |       |     4 |     5 |     3 |       ||    12
       Potion            |       |       |     1 |       |     1 ||     2
 Stab: Sleeping          |       |       |     1 |     4 |     1 ||     6
       Distracted        |       |       |       |     1 |       ||     1
Armor: Skin              |    19 |    45 |    71 |   129 |    70 ||   334
Dodge: Dodged            |    48 |   104 |   249 |   320 |   105 ||   826
Block: Buckler           |       |       |       |    38 |       ||    38
       Tower shield      |       |       |       |   122 |   170 ||   292

Table legend: (Time is in decaauts)
 A = Elapsed time spent in this place.
 B = Non-inter-level travel time spent in this place.
 C = Inter-level travel time spent in this place.
 D = Time resting spent in this place.
 E = Time spent auto-exploring this place.
 F = Levels seen in this place.
 G = Mean time per level.
                   A        B        C        D        E       F      G
               +--------+--------+--------+--------+--------+-----+--------+
         Total |  21254 |  20272 |    982 |   5056 |  12414 |  15 | 1416.9 |
       Dungeon |  12624 |  11765 |    859 |   2899 |   7327 |   9 | 1402.7 |
          Lair |   8629 |   8506 |    123 |   2157 |   5087 |   6 | 1438.2 |
               +--------+--------+--------+--------+--------+-----+--------+

Top non-repeatable levels by time:
     D:9: 3304 daAuts
  Lair:4: 2585 daAuts
  Lair:2: 2113 daAuts
     D:8: 2003 daAuts
     D:5: 1865 daAuts
  Lair:1: 1778 daAuts
     D:6: 1631 daAuts
  Lair:3: 1391 daAuts
     D:2: 852 daAuts
     D:7: 852 daAuts
     D:1: 821 daAuts
  Lair:5: 702 daAuts
     D:3: 667 daAuts
     D:4: 625 daAuts
  Lair:6: 58 daAuts
